Coyotes vs Kings
(R1)
Created - 9 décembre 2013 at 19:19
Goals
|
| Coyotes |
1 |
0 |
1 |
2 |
| Kings |
0 |
0 |
1 |
1 |
|
Shots
|
| Coyotes |
7 |
7 |
22 |
36 |
| Kings |
14 |
3 |
10 |
27 |
|
1st period
1. Coyotes , Chad Larose 3 (Denis Grebeshkov) at 15:33
Penalties :
Maxim Lapierre (Pho) for High sticking (Minor) at 3:09, Lukas Krajicek (Pho) for Goalie Interference (Minor) at 12:43, Marian Gaborik (Pho) for Interference (Minor) at 18:57
2nd period
No Goal
Penalties :
Anze Kopitar (LAK) for Slashing (Minor) at 13:33, Frans Nielsen (Pho) for Boarding (Minor) at 13:33, Guillaume Latendresse (LAK) for Holding (Minor) at 15:36, Maxim Lapierre (Pho) for Holding (Minor) at 15:36
3rd period
2. Kings , Guillaume Latendresse 7 (Patrick Kane, Jay Bouwmeester) at 0:42
3. Coyotes , Marian Gaborik 16 (Tim Connolly) at 1:28
Penalties :
Brian McGrattan (LAK) for Slashing (Minor) at 5:06, Jason Arnott (LAK) for High sticking (Minor) at 16:23
Goalie Stats
Al Montoya (Pho), 26 saves from 27 shots - (0,963), W, 3-1-0, 60:00 minutes
Antti Niemi (LAK), 34 saves from 36 shots - (0,944), L, 6-7-0, 59:59 minutes
Players Stats for Coyotes
Player Name G A P +/- PIM S H SB GA TA FO MP PP MP PK MP
------------------------------------------------------------------------------------
Bill Guerin 0 0 0 -1 0 1 0 0 2 0 2/2 15:03 2:14 0:00
Brenden Morrow 0 0 0 1 0 4 2 1 1 0 1/1 17:30 1:38 0:19
Chad Larose 1 0 1 1 0 4 2 2 0 0 0/1 15:11 0:06 1:51
Craig Adams 0 0 0 1 0 1 1 1 0 0 1/1 8:41 0:00 1:51
Denis Grebeshkov 0 1 1 0 0 3 0 0 0 0 0/0 27:22 3:09 2:50
Drew Miller 0 0 0 -1 0 3 2 0 2 2 1/2 19:54 2:14 3:34
Frans Nielsen 0 0 0 -1 2 5 1 0 0 0 10/14 18:43 2:14 3:38
Jiri Fischer 0 0 0 2 0 0 0 1 0 1 0/0 15:32 0:00 2:50
Joël Perrault 0 0 0 0 0 0 0 0 0 0 3/5 6:49 0:00 0:00
Kurt Sauer 0 0 0 0 0 1 1 3 0 0 0/0 18:45 0:00 3:07
Lukas Krajicek 0 0 0 2 2 1 1 0 0 1 0/0 14:16 0:49 0:00
Marian Gaborik 1 0 1 1 2 4 2 2 1 0 1/4 20:32 1:38 0:41
Maxim Lapierre 0 0 0 0 4 2 0 0 0 0 3/5 11:27 0:00 0:00
Riley Cote 0 0 0 0 0 1 0 0 0 0 0/0 6:15 0:06 0:00
Sami Lepisto 0 0 0 0 0 0 0 0 0 1 0/0 17:33 0:49 0:00
Sergei Samsonov 0 0 0 0 0 1 2 0 0 1 2/2 11:46 0:06 0:00
Tim Connolly 0 1 1 1 0 3 1 0 0 1 16/28 18:19 1:38 0:00
Tom Poti 0 0 0 -1 0 2 1 0 0 2 0/0 26:22 3:09 3:07
Players Stats for Kings
Player Name G A P +/- PIM S H SB GA TA FO MP PP MP PK MP
------------------------------------------------------------------------------------
Adrian Aucoin 0 0 0 0 0 1 2 1 1 0 0/0 21:53 2:20 1:29
Antti Miettinen 0 0 0 -1 0 1 2 0 0 0 0/4 11:40 0:17 0:25
Anze Kopitar 0 0 0 0 2 3 2 0 1 0 12/30 20:38 3:33 0:52
Brian McGrattan 0 0 0 0 2 0 2 1 1 1 0/2 8:29 0:00 0:00
Bryan McCabe 0 0 0 -1 0 1 1 1 1 0 0/0 16:17 2:20 0:33
Danny Richmond 0 0 0 0 0 1 2 0 1 2 0/0 22:58 3:37 1:29
Derek Boogaard 0 0 0 0 0 4 4 0 1 0 2/3 19:48 3:16 1:54
Derick Brassard 0 0 0 -1 0 1 0 0 0 0 2/7 10:16 0:00 0:33
Guillaume Latendresse 1 0 1 0 2 2 0 2 1 0 1/2 18:27 2:24 0:46
Jason Arnott 0 0 0 0 2 1 3 1 0 0 6/14 18:54 2:24 0:54
Jay Bouwmeester 0 1 1 0 0 1 2 2 0 0 0/0 27:47 3:37 1:56
Jeff Schultz 0 0 0 -1 0 0 1 0 0 0 0/0 12:05 0:00 2:29
Jonas Hoglund 0 0 0 0 0 3 2 1 0 0 0/1 20:39 2:24 2:07
Patrick Kane 0 1 1 0 0 6 1 0 1 0 0/0 19:40 3:33 0:00
Randy Robitaille 0 0 0 0 0 0 0 0 0 0 0/0 7:00 0:00 0:25
Ryan Malone 0 0 0 -1 0 1 3 0 0 0 2/2 9:23 0:00 0:00
Sean Zimmerman 0 0 0 0 0 1 2 1 0 3 0/0 18:38 0:00 0:00
Steve Regier 0 0 0 0 0 0 1 0 1 0 0/0 7:28 0:00 0:00
3 Stars
1 - Al Montoya (Pho)
2 - Chad Larose (Pho)
3 - Antti Niemi (LAK)
Power Play
Coyotes - 0 on 2 Attempt(s) - 0,00%
Kings - 0 on 3 Attempt(s) - 0,00%
Penalty Kill
Coyotes - 3 on 3 Attempt(s) - 100,00%
- Score 0 goal in Penalty Kill
Kings - 2 on 2 Attempt(s) - 100,00%
- Score 0 goal in Penalty Kill
Official
Referees : L'Ecuyer Frederick and Watson Brad
Linesman : Jay Sharrers and Jonny Murray
Game Notes
No Game Note
Finance
Level 1 -- Attendance: 6000 (100,00%) -- Ticket Income 450 000 $
Level 2 -- Attendance: 4998 (99,96%) -- Ticket Income 249 900 $
Level 3 -- Attendance: 1124 (56,20%) -- Ticket Income 44 960 $
Level 4 -- Attendance: 2583 (64,58%) -- Ticket Income 64 575 $
Luxury Box -- Attendance: 951 (95,10%) -- Ticket Income 118 875 $
Game was played at the Staples Center
Total Attendance: 15656 (86,98%)
Total Ticket Income: 928 310 $
Other Income: 139 246 $
Total Income: 1 067 556 $
Coyotes
5 vs 5 Forward
Center Left Wing Right Wing Time % Phy DF OF
1 Tim Connolly Brenden Morrow Marian Gaborik 40 1 2 2
2 Frans Nielsen Drew Miller Bill Guerin 30 1 2 2
3 Maxim Lapierre Sergei Samsonov Chad Larose 20 1 2 2
4 Joël Perrault Riley Cote Craig Adams 10 1 2 2
5 vs 5 Defense
Defense Defense Time % Phy DF OF
1 Tom Poti Denis Grebeshkov 40 1 2 2
2 Sami Lepisto Kurt Sauer 30 1 2 2
3 Lukas Krajicek Jiri Fischer 20 1 2 2
4 Tom Poti Denis Grebeshkov 10 1 2 2
PowerPlay Forward
Center Left Wing Right Wing Time % Phy DF OF
1 Tim Connolly Brenden Morrow Marian Gaborik 60 1 1 3
2 Frans Nielsen Drew Miller Bill Guerin 40 1 1 3
PowerPlay Defense
Defense Defense Time % Phy DF OF
1 Tom Poti Denis Grebeshkov 60 1 2 2
2 Lukas Krajicek Sami Lepisto 40 1 2 2
Penalty Kill 4 Players Forward
Center Wing Time % Phy DF OF
1 Frans Nielsen Drew Miller 60 1 3 1
2 Craig Adams Chad Larose 40 1 3 1
Penalty Kill 4 Players Defense
Defense Defense Time % Phy DF OF
1 Tom Poti Kurt Sauer 60 1 3 1
2 Denis Grebeshkov Jiri Fischer 40 1 3 1
Penalty Kill - 3 Players Forward
Forward Time % Phy DF OF
1 Drew Miller 60 1 3 1
2 Chad Larose 40 1 3 1
Penalty Kill - 3 Players Defense
Defense Defense Time % Phy DF OF
1 Tom Poti Kurt Sauer 60 1 3 1
2 Denis Grebeshkov Jiri Fischer 40 1 3 1
4 vs 4 Forward
Center Wing Time % Phy DF OF
1 Tim Connolly Marian Gaborik 60 1 2 2
2 Frans Nielsen Drew Miller 40 1 2 2
4 vs 4 Defense
Defense Defense Time % Phy DF OF
1 Tom Poti Denis Grebeshkov 60 1 2 2
2 Sami Lepisto Kurt Sauer 40 1 2 2
Last Minutes Offensive
Center Left Wing Right Wing Defense Defense
Tim Connolly Brenden Morrow Marian Gaborik Tom Poti Denis Grebeshkov
Last Minutes Defensive
Center Left Wing Right Wing Defense Defense
Frans Nielsen Drew Miller Chad Larose Tom Poti Kurt Sauer
Goaltenders
Starting : Al Montoya
Backup : Ryan Miller
Extra Forwards
Normal : Bill Guerin, Sergei Samsonov, Drew Miller - PP : Bill Guerin, Sergei Samsonov - PK : Marian Gaborik
Extra Defensemen
Normal : Sami Lepisto, Jiri Fischer, Denis Grebeshkov - PP : Sami Lepisto - PK : Lukas Krajicek, Denis Grebeshkov
Penalty Shots
Marian Gaborik, Brenden Morrow, Tim Connolly, Frans Nielsen, Drew Miller
Kings
5 vs 5 Forward
Center Left Wing Right Wing Time % Phy DF OF
1 Anze Kopitar Derek Boogaard Jonas Hoglund 40 1 2 2
2 Jason Arnott Guillaume Latendresse Patrick Kane 35 1 2 2
3 Derick Brassard Ryan Malone Antti Miettinen 20 1 2 2
4 Randy Robitaille Steve Regier Brian McGrattan 5 1 2 2
5 vs 5 Defense
Defense Defense Time % Phy DF OF
1 Sean Zimmerman Jay Bouwmeester 40 1 2 2
2 Danny Richmond Adrian Aucoin 35 1 2 2
3 Bryan McCabe Jeff Schultz 20 1 2 2
4 Sean Zimmerman Jay Bouwmeester 5 1 2 2
PowerPlay Forward
Center Left Wing Right Wing Time % Phy DF OF
1 Anze Kopitar Derek Boogaard Patrick Kane 60 1 2 2
2 Jason Arnott Guillaume Latendresse Jonas Hoglund 40 1 2 2
PowerPlay Defense
Defense Defense Time % Phy DF OF
1 Danny Richmond Jay Bouwmeester 60 1 2 2
2 Bryan McCabe Adrian Aucoin 40 1 2 2
Penalty Kill 4 Players Forward
Center Wing Time % Phy DF OF
1 Jason Arnott Jonas Hoglund 60 1 2 2
2 Randy Robitaille Antti Miettinen 40 1 2 2
Penalty Kill 4 Players Defense
Defense Defense Time % Phy DF OF
1 Jeff Schultz Jay Bouwmeester 60 1 2 2
2 Danny Richmond Adrian Aucoin 40 1 2 2
Penalty Kill - 3 Players Forward
Forward Time % Phy DF OF
1 Anze Kopitar 60 1 2 2
2 Jason Arnott 40 1 2 2
Penalty Kill - 3 Players Defense
Defense Defense Time % Phy DF OF
1 Jeff Schultz Jay Bouwmeester 60 1 2 2
2 Danny Richmond Adrian Aucoin 40 1 2 2
4 vs 4 Forward
Center Wing Time % Phy DF OF
1 Anze Kopitar Jonas Hoglund 60 1 2 2
2 Jason Arnott Patrick Kane 40 1 2 2
4 vs 4 Defense
Defense Defense Time % Phy DF OF
1 Danny Richmond Jay Bouwmeester 60 1 2 2
2 Bryan McCabe Adrian Aucoin 40 1 2 2
Last Minutes Offensive
Center Left Wing Right Wing Defense Defense
Anze Kopitar Guillaume Latendresse Patrick Kane Adrian Aucoin Jay Bouwmeester
Last Minutes Defensive
Center Left Wing Right Wing Defense Defense
Anze Kopitar Derek Boogaard Jonas Hoglund Danny Richmond Jay Bouwmeester
Goaltenders
Starting : Antti Niemi
Backup : Mike Brodeur
Extra Forwards
Normal : Antti Miettinen, Brian McGrattan, Steve Regier - PP : Antti Miettinen, Brian McGrattan - PK : Derek Boogaard
Extra Defensemen
Normal : Bryan McCabe, Jeff Schultz, Danny Richmond - PP : Bryan McCabe - PK : Jeff Schultz, Bryan McCabe
Penalty Shots
Anze Kopitar, Guillaume Latendresse, Patrick Kane, Jason Arnott, Jay Bouwmeester
% Time on Ice - Coyotes
Lines # - Real PCT - Wanted PCT - Time Play
Normal Forward
1 - 38% - 40% - 16:56
2 - 25% - 30% - 11:11
3 - 25% - 20% - 11:14
4 - 13% - 10% - 5:45
Normal Defense
1 - 39% - 40% - 17:24
2 - 37% - 30% - 16:44
3 - 22% - 20% - 9:59
4 - 2% - 10% - 0:59
PP Forward
1 - 44% - 60% - 1:44
2 - 56% - 40% - 2:14
PP Defense
1 - 79% - 60% - 3:09
2 - 21% - 40% - 0:49
PK Forward
1 - 69% - 60% - 4:06
2 - 31% - 40% - 1:51
PK Defense
1 - 52% - 60% - 3:07
2 - 48% - 40% - 2:50
PK3 Forward
1 - 0% - 60%
2 - 0% - 40%
PK3 Defense
1 - 0% - 60%
2 - 0% - 40%
44 Forward
1 - 67% - 60% - 2:39
2 - 33% - 40% - 1:19
44 Defense
1 - 57% - 60% - 2:16
2 - 43% - 40% - 1:42
Last Minute Offensive - 0:00
Last Minute Defensive - 1:01
Total
Forward - 60:00
Defense - 60:00
|
% Time on Ice - Kings
Lines # - Real PCT - Wanted PCT - Time Play
Normal Forward
1 - 33% - 40% - 14:51
2 - 32% - 35% - 14:14
3 - 21% - 20% - 9:23
4 - 15% - 5% - 6:35
Normal Defense
1 - 44% - 40% - 19:40
2 - 38% - 35% - 17:17
3 - 18% - 20% - 8:06
4 - 0% - 5% - 0:00
PP Forward
1 - 60% - 60% - 3:33
2 - 40% - 40% - 2:24
PP Defense
1 - 61% - 60% - 3:37
2 - 39% - 40% - 2:20
PK Forward
1 - 89% - 60% - 3:33
2 - 11% - 40% - 0:25
PK Defense
1 - 63% - 60% - 2:29
2 - 37% - 40% - 1:29
PK3 Forward
1 - 0% - 60%
2 - 0% - 40%
PK3 Defense
1 - 0% - 60%
2 - 0% - 40%
44 Forward
1 - 84% - 60% - 3:20
2 - 16% - 40% - 0:38
44 Defense
1 - 60% - 60% - 2:22
2 - 40% - 40% - 1:36
Last Minute Offensive - 1:04
Last Minute Defensive - 0:00
Total
Forward - 60:00
Defense - 60:00
|
Play by Play
1st period
0:01 of 1st period - Tim Connolly wins face-off versus Anze Kopitar in neutral zone.
0:10 of 1st period - Snap shot by Brenden Morrow.
0:10 of 1st period - Stopped by Antti Niemi without a rebound.
0:11 of 1st period - Frans Nielsen wins face-off versus Jason Arnott in Kings zone.
0:14 of 1st period - Wrist shot by Frans Nielsen.
0:14 of 1st period - Stopped by Antti Niemi without a rebound.
0:15 of 1st period - Bill Guerin wins face-off versus Jason Arnott in Kings zone.
0:26 of 1st period - Slapshot by Guillaume Latendresse.
0:26 of 1st period - Stopped by Al Montoya without a rebound.
0:27 of 1st period - Maxim Lapierre wins face-off versus Derick Brassard in Coyotes zone.
0:27 of 1st period - Maxim Lapierre is hit by Jeff Schultz.
0:41 of 1st period - Slapshot by Antti Miettinen.
0:41 of 1st period - Shot Misses the Net.
0:58 of 1st period - Jiri Fischer is hit by Derek Boogaard and loses puck.
1:13 of 1st period - Tom Poti is hit by Jason Arnott.
1:17 of 1st period - Snap shot by Riley Cote.
1:17 of 1st period - Shot Blocked by Guillaume Latendresse.
1:59 of 1st period - Sami Lepisto is hit by Jay Bouwmeester.
2:11 of 1st period - Slapshot by Derick Brassard.
2:11 of 1st period - Stopped by Al Montoya without a rebound.
2:12 of 1st period - Maxim Lapierre wins face-off versus Anze Kopitar in Coyotes zone.
2:27 of 1st period - Snap shot by Derek Boogaard.
2:27 of 1st period - Stopped by Al Montoya without a rebound.
2:28 of 1st period - Tim Connolly wins face-off versus Jason Arnott in Coyotes zone.
3:09 of 1st period - Minor Penalty to Maxim Lapierre for High sticking.
3:10 of 1st period - Frans Nielsen wins face-off versus Anze Kopitar in Coyotes zone.
3:10 of 1st period - Frans Nielsen is hit by Derek Boogaard.
3:22 of 1st period - Snap shot by Anze Kopitar.
3:22 of 1st period - Shot Misses the Net.
3:36 of 1st period - Jay Bouwmeester is hit by Chad Larose.
5:02 of 1st period - Denis Grebeshkov is hit by Bryan McCabe.
5:09 of 1st period - Penalty to Maxim Lapierre is over, Maxim Lapierre is back on ice.
5:33 of 1st period - Snap shot by Marian Gaborik.
5:33 of 1st period - Deflect By Drew Miller.
5:33 of 1st period - Shot Misses the Net.
5:33 of 1st period - Puck is out of play.
5:34 of 1st period - Joël Perrault wins face-off versus Antti Miettinen in Kings zone.
5:45 of 1st period - Slapshot by Jay Bouwmeester.
5:45 of 1st period - Shot Blocked by Jiri Fischer.
5:58 of 1st period - Icing by Derick Brassard.
5:59 of 1st period - Maxim Lapierre wins face-off versus Anze Kopitar in Kings zone.
6:29 of 1st period - Wrist shot by Guillaume Latendresse.
6:29 of 1st period - Shot Blocked by Brenden Morrow.
6:55 of 1st period - Jay Bouwmeester is hit by Frans Nielsen and loses puck.
7:16 of 1st period - Wrist shot by Anze Kopitar.
7:16 of 1st period - Stopped by Al Montoya without a rebound.
7:17 of 1st period - Jason Arnott wins face-off versus Marian Gaborik in Coyotes zone.
7:44 of 1st period - Jonas Hoglund is hit by Chad Larose and loses puck.
7:55 of 1st period - Snap shot by Anze Kopitar.
7:55 of 1st period - Shot Misses the Net.
7:57 of 1st period - Wrist shot by Jonas Hoglund.
7:57 of 1st period - Stopped by Al Montoya without a rebound.
7:58 of 1st period - Bill Guerin wins face-off versus Derick Brassard in Coyotes zone.
7:58 of 1st period - Bill Guerin is hit by Ryan Malone.
8:03 of 1st period - Icing by Frans Nielsen.
8:04 of 1st period - Frans Nielsen wins face-off versus Derick Brassard in Coyotes zone.
8:13 of 1st period - Snap shot by Frans Nielsen.
8:13 of 1st period - Stopped by Antti Niemi without a rebound.
8:14 of 1st period - Tim Connolly wins face-off versus Anze Kopitar in Kings zone.
8:17 of 1st period - Snap shot by Brenden Morrow.
8:17 of 1st period - Stopped by Antti Niemi without a rebound.
8:18 of 1st period - Anze Kopitar wins face-off versus Marian Gaborik in Kings zone.
8:18 of 1st period - Anze Kopitar is hit by Marian Gaborik.
9:15 of 1st period - Slapshot by Tom Poti.
9:15 of 1st period - Stopped by Antti Niemi without a rebound.
9:16 of 1st period - Derek Boogaard wins face-off versus Tim Connolly in Kings zone.
9:29 of 1st period - Snap shot by Jonas Hoglund.
9:29 of 1st period - Deflect By Anze Kopitar.
9:29 of 1st period - Stopped by Al Montoya without a rebound.
9:30 of 1st period - Jason Arnott wins face-off versus Drew Miller in Coyotes zone.
9:33 of 1st period - Wrist shot by Patrick Kane.
9:33 of 1st period - Stopped by Al Montoya without a rebound.
9:34 of 1st period - Frans Nielsen wins face-off versus Jason Arnott in Coyotes zone.
10:16 of 1st period - Icing by Sami Lepisto.
10:17 of 1st period - Ryan Malone wins face-off versus Maxim Lapierre in Coyotes zone.
10:26 of 1st period - Wrist shot by Ryan Malone.
10:26 of 1st period - Shot Blocked by Kurt Sauer.
10:28 of 1st period - Slapshot by Jeff Schultz.
10:28 of 1st period - Shot Blocked by Chad Larose.
10:30 of 1st period - Wrist shot by Ryan Malone.
10:30 of 1st period - Stopped by Al Montoya with a rebound.
10:32 of 1st period - Snap shot by Antti Miettinen.
10:32 of 1st period - Stopped by Al Montoya with a rebound.
11:25 of 1st period - Snap shot by Riley Cote.
11:25 of 1st period - Shot Blocked by Adrian Aucoin.
11:27 of 1st period - Wrist shot by Craig Adams.
11:27 of 1st period - Deflect By Danny Richmond.
11:27 of 1st period - Stopped by Antti Niemi without a rebound.
11:28 of 1st period - Anze Kopitar wins face-off versus Joël Perrault in Kings zone.
11:33 of 1st period - Denis Grebeshkov is hit by Derek Boogaard and loses puck.
12:04 of 1st period - Wrist shot by Patrick Kane.
12:04 of 1st period - Stopped by Al Montoya without a rebound.
12:05 of 1st period - Frans Nielsen wins face-off versus Anze Kopitar in Coyotes zone.
12:05 of 1st period - Frans Nielsen is hit by Jonas Hoglund.
12:19 of 1st period - Snap shot by Frans Nielsen.
12:19 of 1st period - Shot Misses the Net.
12:21 of 1st period - Snap shot by Drew Miller.
12:21 of 1st period - Shot Misses the Net.
12:31 of 1st period - Patrick Kane is hit by Tim Connolly and loses puck.
12:43 of 1st period - Minor Penalty to Lukas Krajicek for Goalie Interference.
12:44 of 1st period - Anze Kopitar wins face-off versus Frans Nielsen in Coyotes zone.
12:49 of 1st period - Wrist shot by Patrick Kane.
12:49 of 1st period - Stopped by Al Montoya without a rebound.
12:50 of 1st period - Frans Nielsen wins face-off versus Anze Kopitar in Coyotes zone.
14:43 of 1st period - Penalty to Lukas Krajicek is over, Lukas Krajicek is back on ice.
15:22 of 1st period - Jeff Schultz is hit by Craig Adams and loses puck.
15:31 of 1st period - Slapshot by Chad Larose.
15:31 of 1st period - Shot Misses the Net.
15:33 of 1st period - Wrist shot by Chad Larose.
15:33 of 1st period - Goal by Chad Larose - Coyotes : 1 - Kings : 0.
15:34 of 1st period - Tim Connolly wins face-off versus Anze Kopitar in neutral zone.
16:07 of 1st period - Snap shot by Patrick Kane.
16:07 of 1st period - Shot Hit the Post.
17:19 of 1st period - Wrist shot by Tim Connolly.
17:19 of 1st period - Shot Misses the Net.
17:33 of 1st period - Jiri Fischer is hit by Ryan Malone and loses puck.
17:38 of 1st period - Slapshot by Ryan Malone.
17:38 of 1st period - Shot Misses the Net.
17:40 of 1st period - Snap shot by Bryan McCabe.
17:40 of 1st period - Stopped by Al Montoya without a rebound.
17:41 of 1st period - Anze Kopitar wins face-off versus Frans Nielsen in Coyotes zone.
17:43 of 1st period - Icing by Jiri Fischer.
17:44 of 1st period - Frans Nielsen wins face-off versus Anze Kopitar in Coyotes zone.
18:30 of 1st period - Slapshot by Jay Bouwmeester.
18:30 of 1st period - Shot Misses the Net.
18:32 of 1st period - Slapshot by Jay Bouwmeester.
18:32 of 1st period - Shot Misses the Net.
18:40 of 1st period - Slapshot by Jay Bouwmeester.
18:40 of 1st period - Shot Misses the Net.
18:42 of 1st period - Backhand shot by Jay Bouwmeester.
18:42 of 1st period - Stopped by Al Montoya with a rebound.
18:54 of 1st period - Slapshot by Anze Kopitar.
18:54 of 1st period - Deflect By Sergei Samsonov.
18:54 of 1st period - Shot Misses the Net.
18:54 of 1st period - Puck is out of play.
18:55 of 1st period - Tim Connolly wins face-off versus Jonas Hoglund in Coyotes zone.
18:57 of 1st period - Minor Penalty to Marian Gaborik for Interference.
18:58 of 1st period - Anze Kopitar wins face-off versus Frans Nielsen in Coyotes zone.
19:05 of 1st period - Snap shot by Derek Boogaard.
19:05 of 1st period - Stopped by Al Montoya without a rebound.
19:06 of 1st period - Frans Nielsen wins face-off versus Anze Kopitar in Coyotes zone.
19:06 of 1st period - Frans Nielsen is hit by Anze Kopitar.
19:26 of 1st period - Snap shot by Patrick Kane.
19:26 of 1st period - Shot Misses the Net.
19:28 of 1st period - Wrist shot by Patrick Kane.
19:28 of 1st period - Shot Misses the Net.
19:30 of 1st period - Wrist shot by Jay Bouwmeester.
19:30 of 1st period - Deflect By Derek Boogaard.
19:30 of 1st period - Shot Misses the Net.
19:30 of 1st period - Puck is out of play.
19:31 of 1st period - Frans Nielsen wins face-off versus Jason Arnott in Coyotes zone.
2nd period
0:01 of 2nd period - Frans Nielsen wins face-off versus Anze Kopitar in neutral zone.
0:26 of 2nd period - Guillaume Latendresse is hit by Kurt Sauer and loses puck.
0:57 of 2nd period - Penalty to Marian Gaborik is over, Marian Gaborik is back on ice.
2:13 of 2nd period - Wrist shot by Patrick Kane.
2:13 of 2nd period - Shot Misses the Net.
2:40 of 2nd period - Snap shot by Frans Nielsen.
2:40 of 2nd period - Stopped by Antti Niemi with a rebound.
2:42 of 2nd period - Slapshot by Drew Miller.
2:42 of 2nd period - Shot Blocked by Guillaume Latendresse.
2:44 of 2nd period - Slapshot by Jiri Fischer.
2:44 of 2nd period - Shot Blocked by Bryan McCabe.
2:46 of 2nd period - Snap shot by Frans Nielsen.
2:46 of 2nd period - Shot Misses the Net.
2:48 of 2nd period - Slapshot by Marian Gaborik.
2:48 of 2nd period - Deflect By Drew Miller.
2:48 of 2nd period - Shot Misses the Net.
2:48 of 2nd period - Puck is out of play.
2:49 of 2nd period - Sergei Samsonov wins face-off versus Anze Kopitar in Kings zone.
3:14 of 2nd period - Sami Lepisto is hit by Sean Zimmerman and loses puck.
4:10 of 2nd period - Jeff Schultz is hit by Lukas Krajicek and loses puck.
4:31 of 2nd period - Tom Poti is hit by Antti Miettinen and loses puck.
4:53 of 2nd period - Riley Cote is hit by Danny Richmond and loses puck.
5:31 of 2nd period - Tim Connolly is hit by Brian McGrattan.
5:35 of 2nd period - Jeff Schultz is hit by Brenden Morrow and loses puck.
6:00 of 2nd period - Sergei Samsonov is hit by Jay Bouwmeester and loses puck.
6:19 of 2nd period - Lukas Krajicek is hit by Jonas Hoglund and loses puck.
6:58 of 2nd period - Sami Lepisto is hit by Derek Boogaard.
7:33 of 2nd period - Tom Poti is hit by Steve Regier and loses puck.
8:04 of 2nd period - Sami Lepisto is hit by Ryan Malone and loses puck.
8:37 of 2nd period - Slapshot by Adrian Aucoin.
8:37 of 2nd period - Stopped by Al Montoya with a rebound.
9:01 of 2nd period - Jiri Fischer is hit by Jason Arnott and loses puck.
9:53 of 2nd period - Bill Guerin is hit by Jason Arnott.
10:48 of 2nd period - Icing by Guillaume Latendresse.
10:49 of 2nd period - Joël Perrault wins face-off versus Guillaume Latendresse in Kings zone.
10:52 of 2nd period - Snap shot by Marian Gaborik.
10:52 of 2nd period - Shot Misses the Net.
10:54 of 2nd period - Wrist shot by Brenden Morrow.
10:54 of 2nd period - Stopped by Antti Niemi with a rebound.
10:56 of 2nd period - Slapshot by Kurt Sauer.
10:56 of 2nd period - Stopped by Antti Niemi without a rebound.
10:57 of 2nd period - Marian Gaborik wins face-off versus Anze Kopitar in Kings zone.
11:10 of 2nd period - Snap shot by Jonas Hoglund.
11:10 of 2nd period - Shot Blocked by Kurt Sauer.
11:12 of 2nd period - Wrist shot by Jonas Hoglund.
11:12 of 2nd period - Stopped by Al Montoya with a rebound.
12:28 of 2nd period - Slapshot by Tom Poti.
12:28 of 2nd period - Stopped by Antti Niemi without a rebound.
12:29 of 2nd period - Tim Connolly wins face-off versus Anze Kopitar in Kings zone.
13:33 of 2nd period - Minor Penalty to Anze Kopitar for Slashing.
13:33 of 2nd period - Minor Penalty to Frans Nielsen for Boarding.
13:34 of 2nd period - Tim Connolly wins face-off versus Antti Miettinen in Coyotes zone.
13:41 of 2nd period - Tom Poti is hit by Danny Richmond.
14:27 of 2nd period - Slapshot by Denis Grebeshkov.
14:27 of 2nd period - Stopped by Antti Niemi with a rebound.
14:55 of 2nd period - Icing by Danny Richmond.
14:56 of 2nd period - Sergei Samsonov wins face-off versus Brian McGrattan in Kings zone.
15:29 of 2nd period - Kurt Sauer is hit by Brian McGrattan.
15:33 of 2nd period - Penalty to Anze Kopitar is over, Anze Kopitar is back on ice.
15:33 of 2nd period - Penalty to Frans Nielsen is over, Frans Nielsen is back on ice.
15:36 of 2nd period - Minor Penalty to Guillaume Latendresse for Holding.
15:36 of 2nd period - Minor Penalty to Maxim Lapierre for Holding.
15:37 of 2nd period - Anze Kopitar wins face-off versus Tim Connolly in neutral zone.
15:53 of 2nd period - Slapshot by Marian Gaborik.
15:53 of 2nd period - Shot Misses the Net.
16:15 of 2nd period - Snap shot by Drew Miller.
16:15 of 2nd period - Stopped by Antti Niemi with a rebound.
16:39 of 2nd period - Anze Kopitar is hit by Sergei Samsonov and loses puck.
16:48 of 2nd period - Wrist shot by Bill Guerin.
16:48 of 2nd period - Stopped by Antti Niemi with a rebound.
17:14 of 2nd period - Denis Grebeshkov is hit by Antti Miettinen and loses puck.
17:19 of 2nd period - Snap shot by Danny Richmond.
17:19 of 2nd period - Stopped by Al Montoya without a rebound.
17:20 of 2nd period - Tim Connolly wins face-off versus Antti Miettinen in Coyotes zone.
17:36 of 2nd period - Penalty to Guillaume Latendresse is over, Guillaume Latendresse is back on ice.
17:36 of 2nd period - Penalty to Maxim Lapierre is over, Maxim Lapierre is back on ice.
19:58 of 2nd period - Guillaume Latendresse is hit by Drew Miller and loses puck.
3rd period
0:01 of 3rd period - Anze Kopitar wins face-off versus Marian Gaborik in neutral zone.
0:06 of 3rd period - Snap shot by Anze Kopitar.
0:06 of 3rd period - Shot Blocked by Marian Gaborik.
0:08 of 3rd period - Slapshot by Jonas Hoglund.
0:08 of 3rd period - Stopped by Al Montoya with a rebound.
0:10 of 3rd period - Snap shot by Derek Boogaard.
0:10 of 3rd period - Stopped by Al Montoya without a rebound.
0:11 of 3rd period - Anze Kopitar wins face-off versus Tim Connolly in Coyotes zone.
0:12 of 3rd period - Snap shot by Derek Boogaard.
0:12 of 3rd period - Stopped by Al Montoya with a rebound.
0:20 of 3rd period - Backhand shot by Jay Bouwmeester.
0:20 of 3rd period - Shot Misses the Net.
0:42 of 3rd period - Slapshot by Guillaume Latendresse.
0:42 of 3rd period - Goal by Guillaume Latendresse - Coyotes : 1 - Kings : 1.
0:43 of 3rd period - Tim Connolly wins face-off versus Anze Kopitar in neutral zone.
0:58 of 3rd period - Backhand shot by Marian Gaborik.
0:58 of 3rd period - Shot Misses the Net.
1:08 of 3rd period - Denis Grebeshkov is hit by Patrick Kane and loses puck.
1:14 of 3rd period - Off-side.
1:15 of 3rd period - Jason Arnott wins face-off versus Tim Connolly in neutral zone.
1:28 of 3rd period - Wrist shot by Marian Gaborik.
1:28 of 3rd period - Goal by Marian Gaborik - Coyotes : 2 - Kings : 1.
1:29 of 3rd period - Tim Connolly wins face-off versus Anze Kopitar in neutral zone.
1:44 of 3rd period - Snap shot by Tim Connolly.
1:44 of 3rd period - Shot Blocked by Jay Bouwmeester.
2:01 of 3rd period - Snap shot by Guillaume Latendresse.
2:01 of 3rd period - Deflect By Jason Arnott.
2:01 of 3rd period - Shot Misses the Net.
2:01 of 3rd period - Puck is out of play.
2:02 of 3rd period - Jason Arnott wins face-off versus Tim Connolly in Coyotes zone.
2:07 of 3rd period - Snap shot by Patrick Kane.
2:07 of 3rd period - Stopped by Al Montoya without a rebound.
2:08 of 3rd period - Jason Arnott wins face-off versus Tim Connolly in Coyotes zone.
2:15 of 3rd period - Wrist shot by Patrick Kane.
2:15 of 3rd period - Stopped by Al Montoya with a rebound.
2:23 of 3rd period - Wrist shot by Marian Gaborik.
2:23 of 3rd period - Shot Misses the Net.
3:30 of 3rd period - Snap shot by Chad Larose.
3:30 of 3rd period - Stopped by Antti Niemi with a rebound.
3:32 of 3rd period - Slapshot by Tom Poti.
3:32 of 3rd period - Deflect By Sergei Samsonov.
3:32 of 3rd period - Shot Misses the Net.
3:32 of 3rd period - Puck is out of play.
3:33 of 3rd period - Anze Kopitar wins face-off versus Tim Connolly in Kings zone.
3:33 of 3rd period - Anze Kopitar is hit by Marian Gaborik.
3:43 of 3rd period - Wrist shot by Anze Kopitar.
3:43 of 3rd period - Stopped by Al Montoya with a rebound.
4:30 of 3rd period - Wrist shot by Brian McGrattan.
4:30 of 3rd period - Shot Blocked by Craig Adams.
4:32 of 3rd period - Slapshot by Sean Zimmerman.
4:32 of 3rd period - Stopped by Al Montoya with a rebound.
4:52 of 3rd period - Wrist shot by Marian Gaborik.
4:52 of 3rd period - Shot Blocked by Jay Bouwmeester.
5:04 of 3rd period - Jay Bouwmeester is hit by Drew Miller and loses puck.
5:06 of 3rd period - Minor Penalty to Brian McGrattan for Slashing.
5:07 of 3rd period - Tim Connolly wins face-off versus Jason Arnott in Kings zone.
5:16 of 3rd period - Slapshot by Marian Gaborik.
5:16 of 3rd period - Shot Blocked by Jason Arnott.
7:06 of 3rd period - Penalty to Brian McGrattan is over, Brian McGrattan is back on ice.
7:12 of 3rd period - Danny Richmond is hit by Sergei Samsonov and loses puck.
7:22 of 3rd period - Icing by Adrian Aucoin.
7:23 of 3rd period - Craig Adams wins face-off versus Brian McGrattan in Kings zone.
7:26 of 3rd period - Snap shot by Sergei Samsonov.
7:26 of 3rd period - Stopped by Antti Niemi with a rebound.
7:34 of 3rd period - Wrist shot by Maxim Lapierre.
7:34 of 3rd period - Shot Misses the Net.
7:46 of 3rd period - Snap shot by Riley Cote.
7:46 of 3rd period - Shot Misses the Net.
8:32 of 3rd period - Derek Boogaard is hit by Brenden Morrow and loses puck.
8:37 of 3rd period - Slapshot by Tim Connolly.
8:37 of 3rd period - Stopped by Antti Niemi with a rebound.
8:39 of 3rd period - Slapshot by Tim Connolly.
8:39 of 3rd period - Stopped by Antti Niemi without a rebound.
8:40 of 3rd period - Tim Connolly wins face-off versus Derick Brassard in Kings zone.
8:51 of 3rd period - Wrist shot by Marian Gaborik.
8:51 of 3rd period - Stopped by Antti Niemi without a rebound.
8:52 of 3rd period - Tim Connolly wins face-off versus Anze Kopitar in Kings zone.
9:05 of 3rd period - Wrist shot by Marian Gaborik.
9:05 of 3rd period - Stopped by Antti Niemi without a rebound.
9:06 of 3rd period - Drew Miller wins face-off versus Jason Arnott in Kings zone.
9:07 of 3rd period - Snap shot by Frans Nielsen.
9:07 of 3rd period - Shot Misses the Net.
9:48 of 3rd period - Frans Nielsen is hit by Sean Zimmerman and loses puck.
10:07 of 3rd period - Wrist shot by Anze Kopitar.
10:07 of 3rd period - Deflect By Derek Boogaard.
10:07 of 3rd period - Shot Blocked by Kurt Sauer.
10:07 of 3rd period - Puck is out of play.
10:08 of 3rd period - Brenden Morrow wins face-off versus Jason Arnott in Coyotes zone.
10:21 of 3rd period - Wrist shot by Jason Arnott.
10:21 of 3rd period - Shot Blocked by Marian Gaborik.
10:23 of 3rd period - Snap shot by Jason Arnott.
10:23 of 3rd period - Stopped by Al Montoya without a rebound.
10:24 of 3rd period - Anze Kopitar wins face-off versus Maxim Lapierre in Coyotes zone.
10:24 of 3rd period - Jay Bouwmeester is hit by Tom Poti and loses puck.
10:37 of 3rd period - Snap shot by Denis Grebeshkov.
10:37 of 3rd period - Stopped by Antti Niemi with a rebound.
10:39 of 3rd period - Slapshot by Denis Grebeshkov.
10:39 of 3rd period - Deflect By Chad Larose.
10:39 of 3rd period - Stopped by Antti Niemi without a rebound.
10:40 of 3rd period - Guillaume Latendresse wins face-off versus Tim Connolly in Kings zone.
10:56 of 3rd period - Snap shot by Marian Gaborik.
10:56 of 3rd period - Shot Misses the Net.
11:13 of 3rd period - Denis Grebeshkov is hit by Adrian Aucoin and loses puck.
12:10 of 3rd period - Wrist shot by Sergei Samsonov.
12:10 of 3rd period - Shot Misses the Net.
12:20 of 3rd period - Wrist shot by Patrick Kane.
12:20 of 3rd period - Stopped by Al Montoya without a rebound.
12:21 of 3rd period - Anze Kopitar wins face-off versus Tim Connolly in Coyotes zone.
12:28 of 3rd period - Snap shot by Marian Gaborik.
12:28 of 3rd period - Deflect By Brenden Morrow.
12:28 of 3rd period - Shot Blocked by Sean Zimmerman.
12:28 of 3rd period - Puck is out of play.
12:29 of 3rd period - Anze Kopitar wins face-off versus Tim Connolly in Kings zone.
12:49 of 3rd period - Slapshot by Brenden Morrow.
12:49 of 3rd period - Shot Misses the Net.
12:51 of 3rd period - Snap shot by Brenden Morrow.
12:51 of 3rd period - Shot Blocked by Jonas Hoglund.
13:34 of 3rd period - Snap shot by Marian Gaborik.
13:34 of 3rd period - Stopped by Antti Niemi without a rebound.
13:35 of 3rd period - Derick Brassard wins face-off versus Frans Nielsen in Kings zone.
13:58 of 3rd period - Icing by Jeff Schultz.
13:59 of 3rd period - Joël Perrault wins face-off versus Antti Miettinen in Kings zone.
14:00 of 3rd period - Snap shot by Craig Adams.
14:00 of 3rd period - Deflect By Chad Larose.
14:00 of 3rd period - Shot Misses the Net.
14:00 of 3rd period - Puck is out of play.
14:01 of 3rd period - Jason Arnott wins face-off versus Chad Larose in Kings zone.
14:16 of 3rd period - Wrist shot by Patrick Kane.
14:16 of 3rd period - Shot Blocked by Chad Larose.
14:26 of 3rd period - Chad Larose is hit by Adrian Aucoin and loses puck.
14:31 of 3rd period - Snap shot by Randy Robitaille.
14:31 of 3rd period - Shot Misses the Net.
14:43 of 3rd period - Wrist shot by Maxim Lapierre.
14:43 of 3rd period - Stopped by Antti Niemi with a rebound.
14:45 of 3rd period - Snap shot by Maxim Lapierre.
14:45 of 3rd period - Shot Blocked by Brian McGrattan.
14:47 of 3rd period - Slapshot by Denis Grebeshkov.
14:47 of 3rd period - Deflect By Maxim Lapierre.
14:47 of 3rd period - Stopped by Antti Niemi with a rebound.
14:49 of 3rd period - Wrist shot by Chad Larose.
14:49 of 3rd period - Stopped by Antti Niemi without a rebound.
14:50 of 3rd period - Tim Connolly wins face-off versus Anze Kopitar in Kings zone.
15:01 of 3rd period - Slapshot by Tim Connolly.
15:01 of 3rd period - Stopped by Antti Niemi without a rebound.
15:02 of 3rd period - Derick Brassard wins face-off versus Tim Connolly in Kings zone.
15:45 of 3rd period - Sami Lepisto is hit by Anze Kopitar and loses puck.
15:58 of 3rd period - Snap shot by Riley Cote.
15:58 of 3rd period - Stopped by Antti Niemi without a rebound.
15:59 of 3rd period - Ryan Malone wins face-off versus Joël Perrault in Kings zone.
16:23 of 3rd period - Minor Penalty to Jason Arnott for High sticking.
16:24 of 3rd period - Tim Connolly wins face-off versus Derek Boogaard in Kings zone.
16:38 of 3rd period - Off-side.
16:39 of 3rd period - Derek Boogaard wins face-off versus Tim Connolly in neutral zone.
17:50 of 3rd period - Snap shot by Drew Miller.
17:50 of 3rd period - Stopped by Antti Niemi with a rebound.
18:14 of 3rd period - Slapshot by Denis Grebeshkov.
18:14 of 3rd period - Stopped by Antti Niemi with a rebound.
18:16 of 3rd period - Slapshot by Denis Grebeshkov.
18:16 of 3rd period - Deflect By Frans Nielsen.
18:16 of 3rd period - Stopped by Antti Niemi with a rebound.
18:18 of 3rd period - Slapshot by Denis Grebeshkov.
18:18 of 3rd period - Deflect By Frans Nielsen.
18:18 of 3rd period - Stopped by Antti Niemi with a rebound.
18:20 of 3rd period - Snap shot by Drew Miller.
18:20 of 3rd period - Stopped by Antti Niemi without a rebound.
18:21 of 3rd period - Tim Connolly wins face-off versus Derick Brassard in Kings zone.
18:23 of 3rd period - Penalty to Jason Arnott is over, Jason Arnott is back on ice.
19:22 of 3rd period - Slapshot by Lukas Krajicek.
19:22 of 3rd period - Deflect By Patrick Kane.
19:22 of 3rd period - Stopped by Antti Niemi with a rebound.
19:37 of 3rd period - Slapshot by Brenden Morrow.
19:37 of 3rd period - Stopped by Antti Niemi with a rebound.
19:59 of 3rd period - Kings, Antti Niemi is pulled from the net.
Output by the SimonT Hockey Simulator (STHS) for François Prévost -- Original Page W3C XHTML 1.0 Valid